 Dungeon Crawl Stone Soup version 0.28.0-53-g5a82cb258f (webtiles) character file.

Game seed: 10357415497526029251

2574 dranuc9 the Thaumaturge (level 9, -15/47 HPs)
             Began as a Deep Elf Conjurer on June 29, 2022.
             Was a Follower of Vehumet.
             Shot with a sling bullet by Joseph (22 damage)
             ... on level 7 of the Dungeon on June 30, 2022.
             The game lasted 01:04:51 (8215 turns).

dranuc9 the Thaumaturge (Deep Elf Conjurer)         Turns: 8215, Time: 01:04:52

Health: -15/47     AC:  5    Str:  4    XL:     9   Next: 32%
Magic:  14/24      EV: 14    Int: 28    God:    Vehumet [*.....]
Gold:   373        SH:  0    Dex: 13    Spells: 17/27 levels left

rFire   . . .      SeeInvis .   b - +1 short sword (drain)
rCold   . . .      Faith    .   (no shield)
rNeg    . . .      Spirit   .   a - +0 robe
rPois   .          Reflect  .   q - +0 helmet
rElec   .          Harm     .   e - +1 cloak
rCorr   .          Rampage  .   (no gloves)
Will    .....                   (no boots)
Stlth   +++.......              (no amulet)
HPRegen 0.15/turn               l - +4 ring of slaying
MPRegen 0.19/turn               (no ring)

@: about to teleport
A: no striking features
a: Renounce Religion


You were on level 7 of the Dungeon.
You worshipped Vehumet.
Vehumet was aware of your devotion.
You visited 1 branch of the dungeon, and saw 7 of its levels.

You collected 373 gold pieces.

Inventory:

Hand Weapons
 b - a +1 short sword of draining (weapon)
Missiles
 p - 17 arrows
Armour
 a - a +0 robe (worn)
 e - a +1 cloak (worn)
 q - a +0 helmet (worn)
Jewellery
 l - a +4 ring of slaying (left hand)
 m - a ring of flight
Wands
 i - a wand of flame (13)
Scrolls
 d - 2 scrolls of teleportation
 j - a scroll of enchant weapon
 k - 4 scrolls of fear
 n - 2 scrolls of blinking
 s - a scroll of identify
Potions
 c - 2 potions of brilliance
 f - a potion of lignification
 g - a potion of invisibility
 h - a potion of heal wounds
 o - a potion of magic
 r - 2 potions of haste {unknown}
 t - a potion of curing {unknown}


   Skills:
 + Level 1.5 Fighting
 + Level 1.7 Short Blades
 + Level 1.7 Staves
 + Level 2.4 Bows
 + Level 1.7 Throwing
 * Level 5.1 Dodging
 + Level 5.4 Stealth
 + Level 2.5 Shields
 * Level 9.6 Spellcasting
 * Level 8.9 Conjurations
 * Level 4.1 Hexes
 + Level 2.0 Summonings
 * Level 3.8 Necromancy
 + Level 2.0 Translocations
 + Level 2.0 Transmutations
 * Level 4.2 Fire Magic
 + Level 2.0 Ice Magic
 + Level 1.7 Air Magic
 + Level 2.5 Earth Magic
 + Level 2.0 Poison Magic
 + Level 2.0 Invocations
 * Level 3.3 Evocations


You had 17 spell levels left.
You knew the following spells:

 Your Spells              Type           Power      Damage    Failure   Level
a - Magic Dart            Conj           100%       1d8       1%          1
b - Searing Ray           Conj           100%       2d8       1%          2
c - Dazzling Flash        Conj/Hex       100%       N/A       1%          3
d - Fulminant Prism       Conj/Hex       25%        3d14      2%          4

Your spell library contained the following spells:

 Spells                   Type           Power      Damage    Failure   Level
 Sandblast                Erth           54%        2d13      1%          1
 Corpse Rot               Necr/Air       58%        N/A       1%          2
 Ensorcelled Hibernation  Hex/Ice        60%        N/A       1%          2
 Poisonous Vapours        Pois/Air       48%        N/A       3%          2
 Iskenderun's Mystic Bla  Conj/Tloc      44%        2d10      4%          4
 Spider Form              Tmut/Pois      24%        N/A       5%          3
 Anguish                  Hex/Necr       17%        N/A       8%          4
 Chain Lightning          Conj/Air       21%        3d28      100%        9
 Fire Storm               Conj/Fire      25%        8d6       100%        9
 Shatter                  Erth           13%        3d14*     100%        9


Dungeon Overview and Level Annotations

Branches:
Dungeon (7/15)             Temple (0/1) D:6

Altars:
Elyvilon
Hepliaklqana
Qazlal
Ru
Sif Muna
Trog
Vehumet

Shops:
D:1 *(((   D:2 ?**   D:3 =

Annotations:
D:7 Joseph


Message History

Your fulminant prism crackles loudly.
Something hits you.
Deactivating autopickup; reactivate with Ctrl-A.
Your fulminant prism explodes!
The blast of energy engulfs Joseph!!
Joseph is severely wounded.
Joseph shoots a sling bullet.
The sling bullet misses you.
You feel much better. Something hits you!
Joseph shoots a sling bullet.
Casting: Fulminant Prism (dangerous; 2% risk of failure)
Confirm with . or Enter, or press ? or * to list all spells.
Aiming: Fulminant Prism (dangerous; 2% risk of failure)
Press: ? - help, Dir - move target You conjure a prism of explosive energy!
A fulminant prism comes into view.
Something hits you.
A centaur comes into view. It is wielding a +0 shortbow.
The centaur shoots an arrow.
The arrow hits your fulminant prism!
Joseph shoots a sling bullet.
The sling bullet barely misses you. Something hits you!
Your fulminant prism crackles loudly.
Something hits you.
Your fulminant prism explodes!
The blast of energy engulfs Joseph!!
Joseph is almost dead.
The blast of energy engulfs the centaur!!
You kill the centaur!
Vehumet accepts your kill.
You hear an angry hiss.
You open the door. Something hits you!
Joseph shoots a sling bullet.
The sling bullet barely misses you.
A water moccasin comes into view.
Joseph shoots a sling bullet.
The sling bullet closely misses you.
There is an open door here.
As you read the scroll of teleportation, it crumbles to dust.
You feel strangely unstable. Something closely misses you. Something hits you!
* * * LOW HITPOINT WARNING * * *
Something hits you.
* * * LOW HITPOINT WARNING * * *
Joseph shoots a sling bullet.
The sling bullet hits you!!
You die...

. ####+###+########..
#..................
.#####..........).......
........................
........................
................@.......
...>....................
###.....#@###'######+##'
#.....#...S....
#.....#.........
#.....#.........
#.....#.........
#.....#...#####
#....##...# #....#.....
.. #....#


You could see Joseph and a water moccasin.

Vanquished Creatures
  Eustachio (D:4)
  Duvessa (D:5)
  A water moccasin (D:3)
  A sky beast (D:5)
  A black bear (D:6)
  2 necrophages
  An ogre (D:5)
  A centaur (D:7)
  Blork the orc (D:5)
  3 scorpions
  A wyvern skeleton (D:4)
  Dowan (D:5)
  A hound (D:6)
  2 jellies (D:4)
  An orc priest (D:6)
  An orc wizard (D:2)
  A killer bee zombie (D:4)
  A hound skeleton (D:4)
  A howler monkey zombie (D:7)
  9 adders
  2 ufetubi
  A worm (D:2)
  A dart slug (D:1)
  9 orcs
  6 bats
  14 endoplasms
  2 giant cockroaches (D:1)
  5 goblins
  6 hobgoblins
  6 jackals
  A quokka (D:3)
  4 ball pythons
  2 frilled lizards
  14 kobolds
  5 rats
110 creatures vanquished.

Vanquished Creatures (others)
  A hound skeleton (D:4)
  10 fulminant prisms
  8 fungi (D:4)
  6 toadstools (D:4)
25 creatures vanquished.

Grand Total: 135 creatures vanquished

Notes
Turn   | Place    | Note
-------+----------+-------------------------------------------
     0 | D:1      | dranuc9 the Deep Elf Conjurer began the quest for the Orb.
     0 | D:1      | Reached XP level 1. HP: 10/10 MP: 6/6
   137 | D:1      | Found a faded altar of an unknown god.
   172 | D:1      | Reached XP level 2. HP: 15/15 MP: 6/8
   197 | D:1      | Learned a level 2 spell: Searing Ray
   500 | D:1      | Reached skill level 5 in Conjurations
   620 | D:1      | Found Rihikhlei's Weapon Emporium.
   622 | D:1      | Found Hoall's Assorted Antiques.
   650 | D:1      | Found Xoutok's Weapon Shop.
   768 | D:1      | Found Qeoc's Weapon Boutique.
  1135 | D:2      | Reached XP level 3. HP: 19/19 MP: 2/9
  1286 | D:2      | Found Heaphau's Assorted Antiques.
  1338 | D:2      | Found Semil's Magic Scroll Shoppe.
  1427 | D:2      | Reached XP level 4. HP: 10/24 MP: 0/11
  1957 | D:2      | Found Puorum's General Store.
  2372 | D:3      | Found a shimmering blue altar of Sif Muna.
  2373 | D:3      | Found a radiant altar of Vehumet.
  2380 | D:3      | Became a worshipper of Vehumet
  2406 | D:3      | Reached skill level 4 in Spellcasting
  2577 | D:3      | Noticed a water moccasin
  2582 | D:3      | Killed a water moccasin
  2583 | D:3      | Reached XP level 5. HP: 28/28 MP: 7/14
  2899 | D:3      | Found a hazy altar of Hepliaklqana.
  3191 | D:3      | Found Ziexzu's Jewellery Shoppe.
  3785 | D:4      | Reached skill level 5 in Spellcasting
  3788 | D:4      | Reached XP level 6. HP: 29/32 MP: 4/15
  3875 | D:4      | Noticed Eustachio
  3912 | D:4      | Killed Eustachio
  4114 | D:4      | Reached skill level 6 in Spellcasting
  4371 | D:4      | Reached XP level 7. HP: 36/36 MP: 9/18
  4432 | D:4      | Found a sacrificial altar of Ru.
  4727 | D:4      | Found a stormy altar of Qazlal.
  4929 | D:4      | Reached * piety under Vehumet
  4929 | D:4      | Offered knowledge of Sandblast by Vehumet.
  4950 | D:4      | Reached skill level 7 in Spellcasting
  5159 | D:5      | Entered Level 5 of the Dungeon
  5312 | D:5      | Found a white marble altar of Elyvilon.
  5323 | D:5      | Reached skill level 1 in Hexes
  5323 | D:5      | Reached XP level 8. HP: 42/42 MP: 14/21
  5363 | D:5      | Found a bloodstained altar of Trog.
  5391 | D:5      | Noticed Duvessa
  5391 | D:5      | Noticed Dowan
  5570 | D:4      | Reached skill level 1 in Fighting
  5570 | D:4      | Reached skill level 1 in Short Blades
  5570 | D:4      | Reached skill level 1 in Staves
  5570 | D:4      | Reached skill level 1 in Throwing
  5570 | D:4      | Reached skill level 5 in Dodging
  5570 | D:4      | Reached skill level 5 in Stealth
  5570 | D:4      | Reached skill level 9 in Spellcasting
  5570 | D:4      | Reached skill level 1 in Air Magic
  5570 | D:4      | Reached XP level 9. HP: 47/47 MP: 21/24
  5590 | D:4      | Learned a level 3 spell: Dazzling Flash
  5595 | D:4      | Learned a level 4 spell: Fulminant Prism
  5662 | D:5      | Killed Duvessa
  5662 | D:5      | Killed Dowan
  5777 | D:5      | Noticed Blork the orc
  5784 | D:5      | Killed Blork the orc
  7209 | D:6      | Found a staircase to the Ecumenical Temple.
  8200 | D:7      | Noticed Joseph
  8215 | D:7      | Shot with a sling bullet by Joseph

Illustrated notes

Levels and vault maps discovered:
D:1:      lightli_iron_boxes, layout_basic, hellmonk_ecumenical_altar_lost_god,
          serial_shops, nicolae_shop_hallway_stairs,
          nicolae_shop_window_shopping, nicolae_shop_stone, nicolae_shop_stone
D:2:      layout_loops_cross, serial_shops, nicolae_shop_waterfront,
          nicolae_shop_advertising_works [nicolae_subvault_shop_adworks],
          nicolae_diamond_shop
D:3:      layout_basic, mainiacjoe_overflow_small_starburst,
          jmf_multi_god_temple, serial_shops, shop
D:4:      cheibrodos_fertilizer, layout_rooms, old_standard_altar,
          grunt_qazlal_clouds, uniq_eustachio
D:5:      layout_rooms, mainiacjoe_overflow_tiny_flanked, elyvilon_altar_5,
          uniq_blork_the_orc, uniq_duvessa
D:6:      layout_loops_corners, minmay_temple_entry_from_below_b
D:7:      layout_gridville, mainiacjoe_overflow_catwalk, serial_shops, shop,
          chequers_decorated_corner, uniq_joseph

Skill      XL: |  1  2  3  4  5  6  7  8  9 |
---------------+----------------------------+-----
Conjurations   | 5 6 7 8 |  8.9
Spellcasting   | 4 5 6 7 9 |  9.6
Stealth        | 3 4 5 |  5.4
Dodging        | 3 5 |  5.1
Hexes          | 1 3 4 |  4.1
Fighting       | 1 |  1.5
Short Blades   | 1 |  1.7
Staves         | 1 |  1.7
Bows           | 2 |  2.4
Throwing       | 1 |  1.7
Shields        | 2 |  2.5
Summonings     | 2 |  2.0
Necromancy     | 3 |  3.8
Translocations | 2 |  2.0
Transmutations | 2 |  2.0
Fire Magic     | 3 4 |  4.2
Ice Magic      | 2 |  2.0
Air Magic      | 1 |  1.7
Earth Magic    | 2 |  2.5
Poison Magic   | 2 |  2.0
Invocations    | 2 |  2.0
Evocations     | 3 |  3.3

Action                   |  1- 3 |  4- 6 |  7- 9 || total
-------------------------+-------+-------+-------++-------
 Cast: Magic Dart        |    47 |    83 |    63 ||   193
       Searing Ray       |     5 |    16 |    18 ||    39
       Fulminant Prism   |       |       |    10 ||    10
  Use: Scroll            |       |       |    14 ||    14
       Potion            |       |       |     2 ||     2
Armor: Robe              |       |     4 |       ||     4
Dodge: Dodged            |     7 |    10 |     8 ||    25
